 Dungeon Crawl Stone Soup version 0.20-a0-1086-g4bd2f5b (webtiles) character file.

3187 Chaoticas the Destroyer (level 9, 0/48 HPs)
             Began as a Deep Elf Conjurer on May 1, 2017.
             Was a Priest of Vehumet.
             Slain by an orc warrior
             ... wielding a +0 short sword of flaming
              (3 damage)
             ... on level 7 of the Dungeon.
             The game lasted 00:50:38 (11243 turns).

Chaoticas the Destroyer (Deep Elf Conjurer)        Turns: 11243, Time: 00:50:39

Health: 0/48       AC:  3    Str:  5    XL:     9   Next: 64%
Magic:  8/22       EV: 22    Int: 24    God:    Vehumet [***...]
Gold:   345        SH:  0    Dex: 15    Spells: 3/22 levels left

rFire    . . .     SeeInvis .   h - +0 whip
rCold    . . .     Gourm    .   (no shield)
rNeg     . . .     Faith    .   a - +0 robe
rPois    .         Spirit   .   (no helmet)
rElec    .         Reflect  .   (no cloak)
rCorr    .         Harm     .   (no gloves)
MR       +....                  s - +0 pair of boots
Stlth    ++........             (no amulet)
Regen    0.2/turn               j - ring of protection from magic
MPRegen  0.2/turn               x - +5 ring of evasion

@: no status effects
A: no striking features
a: Renounce Religion


You were on level 7 of the Dungeon.
You worshipped Vehumet.
Vehumet was most pleased with you.
You were not hungry.

You visited 2 branches of the dungeon, and saw 8 of its levels.
You also visited: Ossuary.

You collected 345 gold pieces.

Inventory:

Hand Weapons
 h - a +0 whip (weapon)
   (You took it off a kobold on level 1 of the Dungeon)
 u - a +0 hand axe
   (You found it on level 4 of the Dungeon)
 C - a +0 vampiric whip
   (You took it off a kobold on level 6 of the Dungeon)
Armour
 a - a +0 robe (worn)
 b - a +0 shield
   (You found it on level 1 of the Dungeon)
 s - a +0 pair of boots (worn)
   (You found it on level 4 of the Dungeon)
Jewellery
 d - an uncursed ring of flight
   (You found it on level 6 of the Dungeon)
 j - a ring of protection from magic (left hand)
   (You found it on level 3 of the Dungeon)
 x - a +5 ring of evasion (right hand)
   (You found it on level 5 of the Dungeon)
Scrolls
 g - 2 scrolls of fog
 m - a scroll of teleportation
 q - 3 scrolls of amnesia
 t - 2 scrolls of blinking
Potions
 e - 2 potions of might
 k - a potion of berserk rage {unknown}
 l - 2 potions of lignification {unknown}
 p - a potion of flight {unknown}
 w - 2 potions of haste {unknown}
Books
 n - a book of Callings
   (You found it on level 4 of the Dungeon)

   Spells                             Type                      Level
   a - Summon Small Mammal            Summoning                    1
   b - Call Imp                       Summoning                    2
   c - Call Canine Familiar           Summoning                    3
   d - Summon Guardian Golem          Hexes/Summoning              3
   e - Summon Lightning Spire         Summoning/Air                4
   f - Summon Ice Beast               Ice/Summoning                4
 A - a book of Conjurations

   Spells                             Type                      Level
   a - Magic Dart                     Conjuration                  1
   b - Searing Ray                    Conjuration                  2
   c - Dazzling Spray                 Conjuration/Hexes            3
   d - Fulminant Prism                Conjuration/Hexes            4
   e - Force Lance                    Conjuration/Translocation    4
   f - Iskenderun's Mystic Blast      Conjuration                  4
 B - a book of Changes
   (You found it on level 5 of the Dungeon)

   Spells                             Type                      Level
   a - Beastly Appendage              Transmutation                1
   b - Sticks to Snakes               Transmutation                2
   c - Spider Form                    Transmutation/Poison         3
   d - Ice Form                       Ice/Transmutation            4
   e - Blade Hands                    Transmutation                5
Comestibles
 c - 4 bread rations
 f - 4 royal jellies
 i - 4 meat rations


   Skills:
 + Level 2.1 Fighting
 + Level 7.2 Dodging
 - Level 2.4 Stealth
 - Level 7.4 Spellcasting
 - Level 9.0 Conjurations
 - Level 4.2 Hexes
 * Level 4.1 Summonings
 * Level 5.9 Air Magic


You had 3 spell levels left.
You knew the following spells:

 Your Spells              Type           Power        Failure   Level  Hunger
a - Magic Dart            Conj           ####         1%          1    None
b - Searing Ray           Conj           ######       1%          2    None
c - Dazzling Spray        Conj/Hex       #####.       1%          3    None
d - Iskenderun's Mystic   Conj           ######..     1%          4    ###....
e - Fulminant Prism       Conj/Hex       #####.....   1%          4    ###....
f - Shock                 Conj/Air       ####         1%          1    None
g - Summon Lightning Spi  Summ/Air       ####....     9%          4    ###....


Dungeon Overview and Level Annotations

Branches:
Dungeon (7/15)             Temple (1/1) D:4

Altars:
Cheibriados
Fedhas
Gozag
Hepliaklqana
Kikubaaqudgha
Okawaru
Qazlal
Vehumet
Xom
Zin
The Shining One

Shops:
D:5 ((:

Annotations:
D:3 exclusion: downstairs


Message History

An orc comes into view. It is wielding a dagger.
The orc throws a tomahawk.
The tomahawk hits your fulminant prism but does no damage.
Your fulminant prism crackles loudly.
The orc throws a tomahawk.
The tomahawk hits your fulminant prism.
The orc wizard gestures wildly while chanting.
The orc wizard flickers and vanishes!
Deactivating autopickup; reactivate with Ctrl-A.
Your fulminant prism explodes!
The blast of energy engulfs something.
Vehumet accepts your kill.
You feel your power returning.
Reactivating autopickup.
You feel a bit more experienced.
The blast of energy engulfs the orc.
You kill the orc!
Vehumet accepts your kill.
You feel your power returning.
The blast of energy engulfs the orc wizard.
The orc wizard is severely wounded.
Casting: Fulminant Prism
Confirm with . or Enter, or press ? or * to list all spells.
Aiming: Dazzling Spray
Press: ? - help, Shift-Dir - straight line, f - orc wizard
Aim: an orc wizard, wielding a dagger and wearing a robe (severely wounded, fast)
The spray of energy hits the orc wizard.
You kill the orc wizard!
Vehumet accepts your kill.
You feel your power returning.
The spray of energy misses the orc warrior.
* * * LOW MAGIC WARNING * * *
The orc warrior completely misses you.
Casting: Dazzling Spray
Confirm with . or Enter, or press ? or * to list all spells.
Aiming: Dazzling Spray
Press: ? - help, Shift-Dir - straight line, f - orc warrior
Aim: an orc warrior, wielding a short sword of flaming and wearing a chain mail (heavily wounded)
The spray of energy hits the orc warrior.
The orc warrior is heavily wounded.
The orc warrior is dazzled.
* * * LOW MAGIC WARNING * * *
The orc warrior hits you with a short sword of flaming!!
* * * LOW HITPOINT WARNING * * *
The orc warrior burns you!
* * * LOW HITPOINT WARNING * * *
There is a stone staircase leading up here.
Okay, then.
The orc warrior hits you with a short sword of flaming.
* * * LOW HITPOINT WARNING * * *
The orc warrior burns you.
You die...

...........'.........'.......#
###.#...####.........#.##...##
#.##.## ##.......##.##...#
#.#### ##.....###.##....# #.#
#####...## #.####..# #.#
#......## #.# ..# #.# #.###..#
#.# ..# #.# #.# #..# #.. ..#
#######.###.@##
..........#.o.##
######.......).# #..#.#...## #
#......o.# ..##
#.##.##..##.....
#.##....(.....#
#.#####))###### #.#####..#


You could see an orc warrior (blind) and an orc.

Vanquished Creatures
  Joseph (D:7)
  A yak (D:6)
  A hungry ghost (D:7)
  A water moccasin (D:6)
  An ice beast (D:7)
  4 ogres
  A black bear (D:6)
  2 centaurs (D:6)
  A necrophage (D:6)
  A big kobold (D:6)
  2 bullfrogs
  A wyvern zombie (D:6)
  A water moccasin zombie (D:6)
  6 killer bees
  2 howler monkeys (D:7)
  6 crimson imps
  2 bullfrog zombies
  2 orc priests
  4 hounds
  A jelly (D:6)
  7 orc wizards
  Terence (D:3)
  5 worker ants
  A howler monkey zombie (D:7)
  2 worker ant zombies
  13 adders
  3 shadow imps
  2 oozes
  3 adder skeletons
  4 worms
  6 dart slugs
  4 leopard geckos
  22 orcs
  4 giant cockroaches
  9 goblins
  15 hobgoblins
  2 jackals (D:2)
  29 kobolds
  4 quokkas
  A ball python (D:3)
  5 bats
  5 frilled lizards
  9 hobgoblin zombies (Ossuary)
  A jackal skeleton (D:4)
  7 kobold zombies (Ossuary)
  A leopard gecko skeleton (D:7)
  A quokka skeleton (D:4)
  6 rats
213 creatures vanquished.

Vanquished Creatures (others)
  18 fulminant prisms
  24 plants (D:6)
42 creatures vanquished.

Grand Total: 255 creatures vanquished

Notes
Turn   | Place    | Note
-------+----------+-------------------------------------------
     0 | D:1      | Chaoticas the Deep Elf Conjurer began the quest for the Orb.
     0 | D:1      | Reached XP level 1. HP: 10/10 MP: 6/6
   152 | D:1      | Reached XP level 2. HP: 15/15 MP: 5/8
   423 | D:1      | Reached skill level 4 in Spellcasting
   457 | D:1      | Reached skill level 3 in Dodging
   457 | D:1      | Reached XP level 3. HP: 19/19 MP: 3/10
   581 | D:1      | Learned a level 2 spell: Searing Ray
  1058 | D:2      | Found a snail-covered altar of Cheibriados.
  1421 | D:2      | Reached skill level 5 in Conjurations
  1421 | D:2      | Reached XP level 4. HP: 24/24 MP: 6/12
  2509 | D:3      | Reached XP level 5. HP: 28/28 MP: 10/14
  2588 | D:3      | Found a radiant altar of Vehumet.
  2596 | D:3      | Reached skill level 5 in Spellcasting
  2742 | D:3      | Became a worshipper of Vehumet
  3095 | D:3      | Noticed Terence
  3107 | D:3      | Killed Terence
  3107 | D:3      | Reached skill level 4 in Dodging
  3257 | D:3      | Found an iron altar of Okawaru.
  3570 | D:4      | Noticed an ogre
  3582 | D:3      | Learned a level 3 spell: Dazzling Spray
  3786 | D:4      | Reached skill level 6 in Conjurations
  3815 | D:4      | Identified a book of Callings
  3981 | D:4      | Reached XP level 6. HP: 17/32 MP: 6/16
  3981 | D:4      | HP: 16/32 [poisoned by a worker ant]
  3988 | D:4      | HP: 15/32 [poisoned by a worker ant]
  4159 | D:4      | Reached skill level 1 in Hexes
  4416 | D:4      | Found a staircase to the Ecumenical Temple.
  4600 | D:4      | Learned a level 4 spell: Iskenderun's Mystic Blast
  4605 | D:4      | Learned a level 4 spell: Fulminant Prism
  4630 | D:4      | Found an ancient bone altar of Kikubaaqudgha.
  4680 | D:4      | Reached * piety under Vehumet
  4680 | D:4      | Offered knowledge of Shock by Vehumet.
  4960 | Temple   | Entered the Ecumenical Temple
  5057 | D:5      | Entered Level 5 of the Dungeon
  5176 | D:5      | Found a sand-covered staircase.
  5181 | Ossuary  | Entered an ossuary
  5454 | Ossuary  | HP: 16/32 [centaur zombie (5)]
  5456 | Ossuary  | HP: 7/32 [centaur zombie (5)]
  5463 | Ossuary  | HP: 16/32 [centaur zombie (5)]
  5472 | Ossuary  | HP: 9/32 [centaur zombie (5)]
  5865 | D:5      | Identified a book of Changes
  5871 | D:5      | Learned a level 1 spell: Shock
  5882 | D:5      | Found a stormy altar of Qazlal.
  5890 | D:5      | Reached skill level 6 in Spellcasting
  5890 | D:5      | Reached skill level 2 in Hexes
  5890 | D:5      | Reached XP level 7. HP: 36/36 MP: 13/18
  6070 | D:4      | HP: 12/36 [something/puff of flame (10)]
  6072 | D:4      | Reached skill level 7 in Conjurations
  6432 | D:5      | Reached skill level 5 in Dodging
  6432 | D:5      | Reached skill level 3 in Hexes
  6522 | D:5      | Found Unetre's Antique Weapon Shoppe.
  6539 | D:5      | Found Ohepreus's Book Emporium.
  6750 | D:5      | Found Qefomali's Antique Weapon Shoppe.
  7035 | D:6      | Reached skill level 4 in Hexes
  7206 | D:6      | Reached skill level 1 in Air Magic
  7206 | D:6      | Reached XP level 8. HP: 41/41 MP: 8/20
  7829 | D:6      | Reached skill level 8 in Conjurations
  7829 | D:6      | Reached skill level 2 in Air Magic
  8005 | D:6      | Reached skill level 7 in Spellcasting
  8202 | D:6      | Reached skill level 6 in Dodging
  8202 | D:6      | Reached skill level 3 in Air Magic
  8408 | D:6      | Reached ** piety under Vehumet
  8408 | D:6      | Offered knowledge of Sandblast by Vehumet.
  8879 | D:6      | HP: 20/41 [centaur/arrow (11)]
  8881 | D:6      | Reached skill level 4 in Air Magic
  9057 | D:6      | Reached skill level 9 in Conjurations
  9063 | D:6      | Learned a level 4 spell: Summon Lightning Spire
  9173 | D:6      | Reached XP level 9. HP: 36/45 MP: 16/22
  9615 | D:6      | Reached skill level 1 in Summonings
  9845 | D:7      | Offered knowledge of Static Discharge by Vehumet.
  9853 | D:7      | Reached skill level 1 in Fighting
  9865 | D:6      | HP: 19/47 [killer bee (5)]
  9870 | D:6      | HP: 15/47 [killer bee (1)]
  9871 | D:6      | HP: 6/47 [killer bee (8)]
  9872 | D:6      | Reached skill level 2 in Summonings
 10350 | D:7      | Reached skill level 5 in Air Magic
 10369 | D:7      | HP: 23/47 [poisoned by a killer bee]
 10559 | D:7      | Found a glowing silver altar of Zin.
 10665 | D:7      | Found an opulent altar of Gozag.
 10667 | D:7      | Found a blossoming altar of Fedhas.
 10737 | D:7      | Found a glowing golden altar of the Shining One.
 10792 | D:7      | Reached *** piety under Vehumet
 10859 | D:7      | Noticed Joseph
 10895 | D:7      | Reached skill level 7 in Dodging
 10895 | D:7      | Reached skill level 3 in Summonings
 10898 | D:7      | Killed Joseph
 11184 | D:7      | Reached skill level 2 in Fighting
 11184 | D:7      | Reached skill level 4 in Summonings
 11241 | D:7      | HP: 17/48 [orc warrior/short sword of flaming (18)]
 11241 | D:7      | HP: 8/48 [orc warrior/short sword of flaming (9)]
 11243 | D:7      | HP: 3/48 [orc warrior/short sword of flaming (5)]
 11243 | D:7      | Slain by an orc warrior

Vault maps used:
D:1:      lemuel_arrival_broad_hall
D:2:      kennysheep_slug_shrine, kennysheep_generic_room_8
D:3:      lemuel_round_altar, minmay_misc_feat_iff, okawaru_trees_1,
          uniq_terence
D:4:      kennysheep_little_box, temple_statues
D:5:      lemuel_crystal_altar, serial_shops, shop, kennysheep_mini,
          shop_statue, first_bread, enter_ossuary_5, minmay_curled_crystal
D:6:      kennysheep_kobold_camp
D:7:      nicolae_overflow_hidden_temple,
          chequers_temple_overflow_statue_of_worship, basic_altar, uniq_joseph
Temple:   dpeg_chambers_temple
Ossuary:  ossuary_tomb_1

Skill      XL: |  1  2  3  4  5  6  7  8  9 |
---------------+----------------------------+-----
Spellcasting   | 4 5 6 7 |  7.4
Dodging        | 3 4 5 6 7 |  7.2
Conjurations   | 5 6 7 9 |  9.0
Hexes          | 2 4 |  4.2
Air Magic      | 1 4 5 |  5.9
Summonings     | 4 |  4.1
Fighting       | 2 |  2.1
Stealth        | |  2.4

Action                   |  1- 3 |  4- 6 |  7- 9 || total
-------------------------+-------+-------+-------++-------
Melee: Whip              |    10 |     7 |    22 ||    39
 Cast: Magic Dart        |    87 |   191 |   198 ||   476
       Searing Ray       |       |    10 |    20 ||    30
       Dazzling Spray    |       |     3 |    21 ||    24
       Fulminant Prism   |       |     1 |    17 ||    18
       Shock             |       |       |    30 ||    30
       Iskenderun's Myst |       |       |     3 ||     3
       Summon Lightning  |       |       |     1 ||     1
  Use: Scroll            |       |     5 |    13 ||    18
       Potion            |       |     1 |     2 ||     3
 Stab: Invisible         |       |       |     1 ||     1
  Eat: Chunk             |     1 |    10 |     7 ||    18
       Fruit             |       |     3 |       ||     3
       Bread ration      |       |     1 |     2 ||     3
Armor: Robe              |     1 |     6 |    14 ||    21
Dodge: Dodged            |    27 |    56 |   153 ||   236
